 Dungeon Crawl Stone Soup version 0.23-a0-143-g1adec7b (webtiles) character file.

28 chorionicmirror the Slasher (level 2, 0/22 HPs)
             Began as a Demonspawn Gladiator on Sept 6, 2018.
             Succumbed to an adder's poison
             ... on level 2 of the Dungeon.
             The game lasted 00:03:20 (1019 turns).

chorionicmirror the Slasher (Demonspawn Gladiator)  Turns: 1019, Time: 00:03:20

Health: 0/22       AC:  7    Str: 14    XL:     2   Next: 96%
Magic:  0/2        EV: 11    Int:  9    God:
Gold:   39         SH:  0    Dex: 14    Spells: 1/1 levels left

rFire    + . .     SeeInvis +   a - +0 long sword
rCold    + . .     Gourm    .   (no shield)
rNeg     . . .     Faith    .   g - +1 ring mail
rPois    +         Spirit   +   c - +0 helmet
rElec    +         Reflect  .   (no cloak)
rCorr    +         Harm     .   (no gloves)
MR       .....                  (no boots)
Stlth    +.........             (no amulet)
HPRegen  0.07/turn              i - ring of see invisible (curse)
MPRegen  0.08/turn              (no ring)

@: lethally poisoned (0 -> -3), about to teleport, resistant
A: magic shield
a: no special abilities


You were on level 2 of the Dungeon.
You were not hungry.

You visited 1 branch of the dungeon, and saw 2 of its levels.

You collected 39 gold pieces.

Inventory:

Hand Weapons
 a - a +0 long sword (weapon)
Missiles
 d - 3 throwing nets (quivered)
Armour
 c - a +0 helmet (worn)
 g - a +1 ring mail (worn)
Jewellery
 i - a cursed ring of see invisible (left hand)
Scrolls
 e - a scroll of teleportation
 k - a scroll of remove curse
Comestibles
 b - a chunk of flesh
 f - 2 rations


   Skills:
 - Level 2.0 Fighting
 * Level 3.8 Long Blades
 - Level 1.7 Throwing
 - Level 2.6 Dodging


You had one spell level left.
You didn't know any spells.
Your spell library was empty.

Dungeon Overview and Level Annotations

Branches:
Dungeon (2/15)

Altars:


Innate Abilities, Weirdness & Mutations

When hurt, damage is shared between your health and your magic reserves.


Message History

You kill the goblin!
You feel sick. The adder bites you. The adder bites you but does no damage.
The adder barely misses you.
You barely miss the adder. The adder bites you but does no damage.
The adder completely misses you. The adder bites you but does no damage.
You barely miss the adder.
You feel sick. The adder bites you but does no damage.
The adder closely misses you.
You riposte.
You closely miss the adder. The adder barely misses you.
You hit the adder but do no damage. The adder bites you but does no damage.
The adder bites you.
* * * LOW HITPOINT WARNING * * *
The adder barely misses you.
You riposte.
You hit the adder.
The adder is moderately wounded.
It was a potion of resistance.
You feel protected.
The adder bites you but does no damage. x2; The adder bites you.
* * * LOW HITPOINT WARNING * * *
As you read the scroll of teleportation, it crumbles to dust.
You feel strangely unstable.
You die...

#.. ###+## #..# .#...#
#..# .#...## #..#
.#....#####..#
.#...........#
...#....#....######.#...
รท.##....##......@)?.....
..#......#......SS...#..
.##..##..##.#######.....
.#..####..#.# ....
.#..####..#.#### ...
.##..##..##....# ..
..#......#.....# .
..##....##.....#
#..#....#..#...#


You could see 2 adders.

Vanquished Creatures
  A dart slug (D:1)
  A leopard gecko (D:1)
  2 giant cockroaches
  2 hobgoblins
  A quokka (D:2)
  5 bats
  A frilled lizard (D:1)
  4 goblins
  2 kobolds
  5 rats (D:1)
24 creatures vanquished.

Vanquished Creatures (others)
  A plant (D:1)
1 creature vanquished.

Grand Total: 25 creatures vanquished

Notes
Turn   | Place    | Note
-------+----------+-------------------------------------------
     0 | D:1      | chorionicmirror the Demonspawn Gladiator began the quest
                  | for the Orb.
     0 | D:1      | Reached XP level 1. HP: 16/16 MP: 1/1
    92 | D:1      | Reached skill level 3 in Long Blades
   317 | D:1      | Gained mutation: When hurt, damage is shared between your
                  | health and your magic reserves. [demonic ancestry]
   317 | D:1      | Reached XP level 2. HP: 22/22 MP: 2/2
  1018 | D:2      | HP: 1/22 [adder (1)]
  1019 | D:2      | Succumbed to an adder's poison

Vault maps used:
D:1:      lemuel_arrival_hallway, wad_woods_river_04, minmay_nonomino_d4
D:2:      lemuel_upstairs_altar, grunt_temple_overflow_open, first_ration,
          minmay_misc_feat_iff, serial_park_tiny_1

Skill      XL: |  1 |
---------------+----+-----
Long Blades    | 3 |  3.8
Fighting       | |  2.0
Throwing       | |  1.7
Dodging        | |  2.6

Action                   || total
-------------------------++-------
Melee: Long sword        ||    76
  Use: Scroll            ||     5
       Potion            ||     1
 Stab: Sleeping          ||     2
  Eat: Chunk             ||     1
Armor: Leather armour    ||    13
       Ring mail         ||    22
Dodge: Dodged            ||    70
       Rpst.: Long sword ||    24

Table legend:
 A = Non-vault XP
 B = Vault XP
 C = Vault XP percentage of total XP
 D = Non-vault monster count
 E = Vault monster count
 F = Vault count percentage of total count
                 A         B        C        D         E       F
            +---------+---------+-------+---------+---------+-------
      Total |      35 |       5 |  12.5 |      21 |       3 |  12.5
            +---------+---------+-------+---------+---------+-------
        D:1 |      22 |       5 |  18.5 |      14 |       3 |  17.6
        D:2 |      13 |       0 |   0.0 |       7 |       0 |   0.0
            +---------+---------+-------+---------+---------+-------
